 Dungeon Crawl Stone Soup version 0.31-a0-705-ga145531891 (webtiles) character file.

Game seed: 7484824470625767595

203 qw the Shooter (level 5, -2/32 HPs)
             Began as a Gargoyle Hunter on Sept 9, 2023.
             Slain by a black bear (5 damage)
             ... on level 4 of the Dungeon.
             The game lasted 00:01:03 (2115 turns).

qw the Shooter (Gargoyle Hunter)                    Turns: 2115, Time: 00:01:04

Health: -2/32      AC: 14    Str: 15    XL:     5   Next: 81%
Magic:  5/5        EV: 11    Int:  9    God:
Gold:   181        SH:  0    Dex: 15    Spells: 4/4 levels left

rFire   . . .        Y - +1 shortbow
rCold   . . .        (shield currently unavailable)
rNeg    + . .        d - +0 ring mail
rPois   inf          f - +2 hat
rElec   +            (no cloak)
rCorr   .            e - +2 pair of gloves
SInv    .            (no boots)
Will    .....        (no amulet)
Stlth   +            (no ring)
HPRegen 0.25/turn    (no ring)
MPRegen 0.09/turn

%: no passive effects
@: about to teleport
A: sickness immunity, AC +4, negative energy resistance 1, electricity
resistance, torment resistance 1, petrification resistance
a: no special abilities


You were on level 4 of the Dungeon.
You visited 1 branch of the dungeon, and saw 4 of its levels.

You collected 181 gold pieces.


Innate Abilities, Weirdness & Mutations

You are immune to sickness and miasma.
Your stone body is resilient. (AC +4)
You are immune to poison.
You resist negative energy. (rN+)
You are resistant to electric shocks. (rElec)
You are resistant to unholy torment.
You are immune to petrification.


   Skills:
 + Level 3.5 Fighting
 - Level 6.1 Ranged Weapons
 - Level 1.0 Armour
 - Level 1.5 Dodging
 - Level 1.1 Stealth


You had 4 spell levels left.
You didn't know any spells.
Your spell library was empty.

Inventory:

Hand Weapons
 Y - a +1 shortbow (weapon)
Armour
 d - a +0 ring mail (worn)
 e - a +2 pair of gloves (worn)
 f - a +2 hat (worn)
Scrolls
 b - a scroll of teleportation
 g - a scroll of identify
Potions
 a - a potion of heal wounds
 c - a potion of curing {unknown}
 h - a potion of brilliance {unknown}
 i - a potion of attraction {unknown}

Dungeon Overview and Level Annotations

Branches:
Dungeon (4/15)
 Temple: D:4-7

Altars:


Message History

The black bear growls angrily.
You hear an angry hiss. x2
You shoot an arrow. The arrow hits the black bear!
The black bear is moderately wounded.
You shoot an arrow. The arrow hits the black bear!
The black bear is heavily wounded.
You shoot an arrow.
The arrow closely misses the black bear.
The black bear completely misses you. The black bear closely misses you. x2
You shoot an arrow.
The arrow closely misses the black bear.
An adder comes into view.
The black bear bites you but does no damage.
The black bear barely misses you. x2
You shoot an arrow. The arrow hits the black bear.
The black bear is severely wounded.
The black bear closely misses you. The black bear misses you.
The black bear claws you but does no damage.
A ball python comes into view.
You shoot an arrow. The ball python hisses angrily.
The arrow hits the black bear.
The black bear is severely wounded.
The black bear goes berserk!
You shoot an arrow. The arrow hits the black bear!
The black bear is almost dead.
The black bear bites you! The black bear claws you.
The black bear claws you but does no damage.
The black bear closely misses you. The black bear claws you.
The black bear claws you but does no damage.
You shoot an arrow. The arrow barely misses the black bear.
The arrow hits the adder.
The adder is severely wounded.
The black bear bites you but does no damage.
The black bear claws you. The black bear closely misses you.
The black bear bites you! The black bear closely misses you. x2
2115 ||| READING 2 scrolls of teleportation.
As you read the scroll of teleportation, it crumbles to dust.
You feel strangely unstable. The black bear barely misses you.
The black bear claws you.
You die...

#######
#.....########
#.###.........
#.###.........
#.#...........
#.#.##........
#######.#...........
#Sh@................
#.S#####.#<#.###.....
.... #.#.#.# #.....
.... #####'#...#
###### #..
#........## +>
+.......<####### .
#..............#
#..............#
##.............#


You could see a black bear (berserk), an adder and a ball python.

Vanquished Creatures
  A scorpion (D:4)
  An iguana (D:4)
  An orc wizard (D:3)
  An adder (D:2)
  2 worms (D:3)
  2 dart slugs
  4 orcs (D:3)
  9 endoplasms
  2 giant cockroaches (D:1)
  6 goblins
  6 hobgoblins
  6 ball pythons
  11 bats
  A frilled lizard (D:1)
  6 kobolds
  8 rats
67 creatures vanquished.

Notes
Turn   | Place    | Note
-------+----------+-------------------------------------------
     0 | D:1      | qw the Gargoyle Hunter began the quest for the Orb.
     0 | D:1      | Reached XP level 1. HP: 12/12 MP: 1/1
     0 | D:1      | 0 ||| qw: Version: 0.3-a-80-g2c16395
     0 | D:1      | 0 ||| qw: Game counter: 1310
     0 | D:1      | 0 ||| qw: Melee chars always use a shield: true
     0 | D:1      | 0 ||| qw: God list: Okawaru
     0 | D:1      | 0 ||| qw: Allow faded altars: false
     0 | D:1      | 0 ||| qw: Do Orc after clearing Dungeon:15 true
     0 | D:1      | 0 ||| qw: Do second Lair branch before Depths: true
     0 | D:1      | 0 ||| qw: Lair rune preference: random
     0 | D:1      | 0 ||| qw: Goals: Normal
     0 | D:1      | 0 ||| PLANNING D:1-11
    92 | D:1      | Reached XP level 2. HP: 17/17 MP: 2/2
   439 | D:1      | Reached XP level 3. HP: 21/21 MP: 3/3
   589 | D:1      | 589 ||| UPGRADING to +0 ring mail.
   599 | D:1      | 599 ||| DROPPING +0 leather armour.
   600 | D:1      | 600 ||| UPGRADING to +2 hat.
   605 | D:1      | 605 ||| READING scroll labelled IMPEORPH JO WYTHRE.
   606 | D:1      | 606 ||| READING scroll labelled MUKUGE UXTYCI.
   607 | D:1      | 607 ||| READING scroll labelled HITHIARCHIA.
   621 | D:1      | 621 ||| READING scroll labelled SAL AF MEZAEGG.
   622 | D:1      | 622 ||| DROPPING scroll of butterflies.
   674 | D:2      | Reached skill level 1 in Armour
   701 | D:2      | Found a faded altar of an unknown god.
   750 | D:2      | Reached skill level 5 in Ranged Weapons
  1148 | D:2      | 1148 ||| READING 3 scrolls labelled KUXTUI PELLIN.
  1153 | D:2      | 1153 ||| DRINKING 2 brown potions.
  1215 | D:2      | 1215 ||| STAIRDANCE
  1280 | D:3      | 1280 ||| STAIRDANCE
  1285 | D:3      | 1285 ||| STAIRDANCE
  1290 | D:2      | Reached XP level 4. HP: 27/27 MP: 4/4
  1297 | D:3      | Reached skill level 3 in Fighting
  1456 | D:3      | 1456 ||| Stepping ~*~*~tactically~*~*~ (retreating).
  1457 | D:3      | 1457 ||| Stepping ~*~*~tactically~*~*~ (retreating).
  1460 | D:3      | 1460 ||| Stepping ~*~*~tactically~*~*~ (retreating).
  1464 | D:3      | 1464 ||| Stepping ~*~*~tactically~*~*~ (retreating).
  1466 | D:3      | 1466 ||| Stepping ~*~*~tactically~*~*~ (retreating).
  1645 | D:3      | 1645 ||| UPGRADING to +2 pair of gloves.
  1650 | D:3      | 1650 ||| DROPPING +6 ring of intelligence.
  1753 | D:4      | Noticed a scorpion
  1771 | D:4      | Killed a scorpion
  1772 | D:4      | Reached skill level 6 in Ranged Weapons
  1772 | D:4      | Reached XP level 5. HP: 13/32 MP: 5/5
  2106 | D:4      | Noticed a black bear
  2114 | D:4      | HP: 3/32 [black bear (10)]
  2115 | D:4      | 2115 ||| READING 2 scrolls of teleportation.
  2115 | D:4      | Slain by a black bear

Levels and vault maps discovered:
D:1:      nicolae_arrival_washed_ashore, layout_rooms, serial_forest,
          infiniplex_forest_clump_medium, infiniplex_forest_straight_3,
          infiniplex_forest_straight_1, infiniplex_forest_zigzag_1,
          infiniplex_forest_straight_1, infiniplex_forest_fountain,
          infiniplex_forest_clump_large
D:2:      layout_loops_ring, nicolae_ecumenical_oubliette
D:3:      layout_rooms
D:4:      layout_basic

Skill      XL: |  1  2  3  4 |
---------------+-------------+-----
Armour         | 1 |  1.0
Ranged Weapons | 5 6 |  6.1
Fighting       | 3 |  3.5
Dodging        | |  1.5
Stealth        | |  1.1

Action                     |  1- 3 |  4- 6 || total
---------------------------+-------+-------++-------
   Fire: Shortbow          |   122 |   126 ||   248
    Use: Scroll            |     5 |     1 ||     6
         Potion            |     1 |       ||     1
 Armour: Leather armour    |    19 |       ||    19
         Ring mail         |    28 |    56 ||    84
  Dodge: Dodged            |    34 |    39 ||    73

Table legend:
 A = Non-vault XP
 B = Vault XP
 C = Vault XP percentage of total XP
 D = Non-vault monster count
 E = Vault monster count
 F = Vault count percentage of total count
                 A         B        C        D         E       F
            +---------+---------+-------+---------+---------+-------
      Total |     290 |       0 |   0.0 |      67 |       0 |   0.0
            +---------+---------+-------+---------+---------+-------
        D:1 |      38 |       0 |   0.0 |      23 |       0 |   0.0
        D:2 |      46 |       0 |   0.0 |      20 |       0 |   0.0
        D:3 |      74 |       0 |   0.0 |      16 |       0 |   0.0
        D:4 |     132 |       0 |   0.0 |       8 |       0 |   0.0
            +---------+---------+-------+---------+---------+-------
